 Dungeon Crawl Stone Soup version 0.30-a0-782-ge64f9170bb (webtiles) character file.

Game seed: 4472220960902588089

714 HoaS the Skirmisher (level 7, 0/40 HPs)
             Began as a Gargoyle Hunter on Feb 19, 2023.
             Was a Follower of Zin.
             Slain by a lemure (7 damage)
             ... led by Pikel
             ... on level 6 of the Dungeon.
             The game lasted 00:09:24 (4022 turns).

HoaS the Skirmisher (Gargoyle Hunter)               Turns: 4022, Time: 00:09:25

Health: 0/40       AC:  8    Str: 14    XL:     7   Next: 69%
Magic:  8/8        EV: 11    Int: 10    God:    Zin [*.....]
Gold:   140        SH:  0    Dex: 15    Spells: 6/6 levels left

rFire   . . .      SeeInvis .    o - +0 shortbow
rCold   . . .      Faith    .    (shield currently unavailable)
rNeg    + . .      Spirit   .    c - +1 leather armour
rPois   ∞          Reflect  .    (no helmet)
rElec   +          Harm     .    (no cloak)
rCorr   .          Rampage  .    (no gloves)
Will    .....                    (no boots)
Stlth   ++                       (no amulet)
HPRegen 0.26/turn                (no ring)
MPRegen 0.11/turn                (no ring)

@: no status effects
A: sickness immunity, AC +4, negative energy resistance 1, electricity
resistance, torment resistance 1, petrification resistance
a: Renounce Religion, Recite, Donate Gold


You were on level 6 of the Dungeon.
You worshipped Zin.
Zin was aware of your devotion.
You visited 2 branches of the dungeon, and saw 7 of its levels.

You collected 302 gold pieces.
You spent 147 gold pieces at shops.
You donated 15 gold pieces to Zin.

Inventory:

Hand Weapons
 o - a +0 shortbow (weapon)
Armour
 c - a +1 leather armour (worn)
Wands
 a - a wand of charming (7)
Scrolls
 b - a scroll of immolation
 d - a scroll of blinking
 g - 2 scrolls of teleportation
 m - a scroll of magic mapping
Potions
 e - a potion of degeneration {unknown}
 f - 4 potions of flight
 h - 3 potions of resistance
 i - 2 potions of mutation {unknown}
 j - 5 potions of curing {unknown}
 k - 3 potions of attraction {unknown}
 l - a potion of haste {unknown}
 n - 6 potions of heal wounds
 q - 3 potions of invisibility {unknown}


   Skills:
 - Level 2.1 Fighting
 * Level 9.0 Ranged Weapons
 - Level 1.5 Dodging
 - Level 1.1 Stealth
 + Level 2.0 Invocations


You had 6 spell levels left.
You didn't know any spells.
Your spell library contained the following spells:

 Spells                   Type           Power      Damage    Failure   Level
 Ensorcelled Hibernation  Hex/Ice        0%         N/A       58%         2
 Passwall                 Tmut/Erth      0%         N/A       58%         2
 Portal Projectile        Hex/Tloc       0%         N/A       82%         3
 Swiftness                Air            0%         N/A       82%         3
 Tukima's Dance           Hex            0%         N/A       82%         3
 Anguish                  Hex/Necr       0%         N/A       99%         4
 Blade Hands              Tmut           0%         N/A       100%        5
 Enfeeble                 Hex            0%         N/A       100%        7


Dungeon Overview and Level Annotations

Branches:
Dungeon (6/15)             Temple (1/1) D:5

Altars:
Cheibriados
Dithmenos
Fedhas
Gozag
Hepliaklqana
Kikubaaqudgha
Makhleb
Nemelex Xobeh
Okawaru
Qazlal
Ru
Sif Muna
Trog
Uskayaw
Vehumet
Wu Jian
Yredelemnul
Zin
The Shining One

Shops:
D:4 ?   D:5 :


Innate Abilities, Weirdness & Mutations

You are immune to sickness and miasma.
Your stone body is resilient. (AC +4)
You are immune to poison.
You resist negative energy. (rN+)
You are resistant to electric shocks. (rElec)
You are resistant to unholy torment.
You are immune to petrification.


Message History

That felt strangely unrewarding.
The lemure hits you but does no damage. x2
You shoot an arrow. The arrow closely misses the lemure.
The lemure closely misses you. The lemure hits you but does no damage.
You shoot an arrow. The arrow hits the lemure.
The lemure is lightly wounded.
The lemure hits you but does no damage. The lemure completely misses you.
You shoot an arrow. The arrow hits the lemure.
The lemure is lightly wounded.
The lemure hits you. The lemure barely misses you.
You shoot an arrow. The arrow hits the lemure.
The lemure is moderately wounded.
The lemure barely misses you. The lemure closely misses you.
The lemure hits you but does no damage. The lemure barely misses you.
You shoot an arrow. The arrow hits the lemure.
The lemure is heavily wounded.
The lemure hits you but does no damage. The lemure hits you.
You shoot an arrow. The arrow hits the lemure!
The lemure is almost dead.
The lemure hits you but does no damage. The lemure hits you!
You are too injured to fight recklessly!
You are too injured to fight recklessly!
You are too injured to fight recklessly!
You shoot an arrow. The arrow hits the lemure!
You kill the lemure!
That felt strangely unrewarding.
The lemure barely misses you.
You shoot an arrow. The arrow hits the lemure.
The lemure is lightly wounded.
The lemure hits you but does no damage.
You shoot an arrow. The arrow hits the lemure.
The lemure is lightly wounded.
The lemure hits you.
You shoot an arrow. The arrow closely misses the lemure.
The lemure misses you.
You shoot an arrow. The arrow barely misses the lemure.
The lemure closely misses you.
You shoot an arrow. The arrow barely misses the lemure.
The lemure closely misses you.
You shoot an arrow. The arrow closely misses the lemure.
The lemure hits you.
* * * LOW HITPOINT WARNING * * *
You shoot an arrow. The arrow closely misses the lemure.
The lemure hits you!
You die...

....### ##.......♣♣♣......#
..### ###....#.♣# #♣....## ###
###.....##.♣ ♣....# ##
###.......#..♣# #♣.>..# .##
##.............♣♣♣.....#
..###.......)..............#
..##......................##
................#.........##
.............[#5@###.......####
.............##..#
#####......###
............####.## ####......
..#.......### #..# ####...
.####....## #..# #### ## ######
##.### # # #...## #....# .
##....# .


You could see a lemure.

Vanquished Creatures
  Grinder (D:3)
  A black bear (D:6)
  A centaur (D:5)
  2 lemures (D:6)
  Blork the orc (D:5)
  2 hounds
  Natasha (thrice) (D:4)
  An iguana (D:5)
  8 adders
  A shadow imp (D:4)
  2 dart slugs
  An orc (D:6)
  7 ball pythons
  5 endoplasms
  4 giant cockroaches
  7 goblins
  10 hobgoblins
  4 quokkas
  10 bats
  4 frilled lizards
  7 kobolds
  2 rats
84 creatures vanquished.

Notes
Turn   | Place    | Note
-------+----------+-------------------------------------------
     0 | D:1      | HoaS the Gargoyle Hunter began the quest for the Orb.
     0 | D:1      | Reached XP level 1. HP: 12/12 MP: 1/1
   263 | D:1      | Reached XP level 2. HP: 17/17 MP: 2/2
  1003 | D:2      | Reached XP level 3. HP: 21/21 MP: 3/3
  1005 | D:2      | Found a faded altar of an unknown god.
  1035 | D:2      | Reached skill level 5 in Ranged Weapons
  1389 | D:3      | Noticed Grinder
  1492 | D:3      | Reached XP level 4. HP: 26/26 MP: 4/4
  1815 | D:3      | Paralysed by Grinder for 3 turns
  1832 | D:3      | Killed Grinder
  1833 | D:3      | Reached skill level 7 in Ranged Weapons
  1833 | D:3      | Reached XP level 5. HP: 21/30 MP: 5/5
  1833 | D:3      | Reached XP level 6. HP: 25/35 MP: 6/6
  2097 | D:4      | Found Cyso's Magic Scroll Emporium.
  2100 | D:4      | Bought a scroll of enchant weapon for 105 gold pieces
  2100 | D:4      | Bought a scroll of teleportation for 42 gold pieces
  2102 | D:4      | Noticed Natasha
  2114 | D:4      | Killed Natasha
  2174 | D:4      | Found a stormy altar of Qazlal.
  2255 | D:4      | Noticed Natasha
  2261 | D:4      | Killed Natasha
  2290 | D:4      | Noticed Natasha
  2294 | D:4      | Killed Natasha
  2833 | D:5      | Entered Level 5 of the Dungeon
  2837 | D:5      | Reached skill level 8 in Ranged Weapons
  2840 | D:5      | Reached XP level 7. HP: 29/40 MP: 7/7
  2950 | D:5      | Found Holynob's Vocational Training.
  3102 | D:5      | Found a staircase to the Ecumenical Temple.
  3134 | Temple   | Entered the Ecumenical Temple
  3134 | Temple   | Found a transporter.
  3134 | Temple   | Found a transporter.
  3136 | Temple   | Found a transporter.
  3136 | Temple   | Found a transporter.
  3174 | Temple   | Became a worshipper of Zin the Law-Giver
  3174 | Temple   | Reached * piety under Zin
  3210 | D:5      | Noticed Blork the orc
  3245 | D:5      | Killed Blork the orc
  3331 | D:5      | Found a snail-covered altar of Cheibriados.
  3439 | D:5      | Reached skill level 1 in Invocations
  3903 | D:6      | Reached skill level 9 in Ranged Weapons
  4022 | D:6      | Slain by a lemure

Illustrated notes

Levels and vault maps discovered:
D:1:      minmay_arrival_diagonal_passages, layout_basic, minmay_tetromino_o4
D:2:      layout_rooms, basic_ecumenical_altar, minmay_misc_feat_columns,
          hex_tiny
D:3:      layout_basic, kennysheep_donut, grunt_decor_mini_mirrors, uniq_grinder
D:4:      minmay_recursive_quarters, layout_gridville, lemuel_crystal_altar,
          serial_shops, nicolae_stop_n_shop_2, uniq_natasha
D:5:      layout_loops_cross, mainiacjoe_overflow_alcove_1, temple_pool_b,
          nicolae_shop_vocational, uniq_blork_the_orc
D:6:      layout_cave_pods, minmay_stone_trees_small, uniq_pikel
Temple:   hellmonk_temple_divided_pantheon

Skill      XL: |  1  2  3  4  5  6  7 |
---------------+----------------------+-----
Ranged Weapons | 5 7 8 9 |  9.0
Invocations    | 2 |  2.0
Fighting       | |  2.1
Dodging        | |  1.5
Stealth        | |  1.1

Action                     |  1- 3 |  4- 6 |  7- 9 || total
---------------------------+-------+-------+-------++-------
   Fire: Shortbow          |    83 |   118 |    57 ||   258
    Use: Scroll            |    11 |     6 |     3 ||    20
 Armour: Leather armour    |    14 |    14 |    13 ||    41
  Dodge: Dodged            |    21 |    27 |    22 ||    70

Table legend: (Time is in decaauts)
 A = Elapsed time spent in this place.
 B = Non-inter-level travel time spent in this place.
 C = Inter-level travel time spent in this place.
 D = Time resting spent in this place.
 E = Time spent auto-exploring this place.
 F = Levels seen in this place.
 G = Mean time per level.
                   A        B        C        D        E       F      G
               +--------+--------+--------+--------+--------+-----+--------+
         Total |   4076 |   3814 |    262 |    165 |   3019 |   7 |  582.3 |
       Dungeon |   4020 |   3765 |    255 |    165 |   3013 |   6 |  670.0 |
        Temple |     55 |     48 |      7 |      0 |      6 |   1 |   55.0 |
               +--------+--------+--------+--------+--------+-----+--------+

Top non-repeatable levels by time:
     D:1: 877 daAuts
     D:5: 777 daAuts
     D:4: 749 daAuts
     D:3: 706 daAuts
     D:2: 551 daAuts
     D:6: 358 daAuts
  Temple: 55 daAuts
